 Dungeon Crawl Stone Soup version 0.20-a0-1033-g05abe66 (webtiles) character file.

226 Rrauwl the Grave Robber (level 5, -2/25 HPs)
             Began as a Deep Elf Necromancer on Apr 20, 2017.
             Was an Initiate of Sif Muna.
             Killed from afar by an adder zombie (27 damage)
             ... with an exploding inner flame
             ... animated by the player character
             ... hexed by the player character
             ... on level 3 of the Dungeon on Apr 21, 2017.
             The game lasted 00:16:01 (2997 turns).

Rrauwl the Grave Robber (Deep Elf Necromancer)      Turns: 2997, Time: 00:16:01

Health: -2/25      AC:  6    Str:  6    XL:     5   Next: 69%
Magic:  10/14      EV: 11    Int: 23    God:    Sif Muna [......]
Gold:   131        SH:  0    Dex: 15    Spells: 9/14 levels left

rFire    . . .     SeeInvis .   q - +1 dagger (venom)
rCold    . . .     Gourm    .   (no shield)
rNeg     . . .     Faith    .   o - +0 ring mail (curse)
rPois    +         Spirit   .   h - +0 helmet {Int+3}
rElec    .         Reflect  .   (no cloak)
rCorr    .         Harm     .   (no gloves)
MR       .....                  (no boots)
Stlth    ++........             (no amulet)
Regen    0.1/turn               (no ring)
MPRegen  0.2/turn               (no ring)

@: very slightly contaminated
A: frail 1, poison resistance
a: Renounce Religion


You were on level 3 of the Dungeon.
You worshipped Sif Muna.
Sif Muna was noncommittal.
You were not hungry.

You visited 1 branch of the dungeon, and saw 4 of its levels.

You collected 131 gold pieces.

Inventory:

Hand Weapons
 q - a +1 dagger of venom (weapon)
Missiles
 k - 30 arrows
 s - 4 tomahawks of dispersal (quivered)
Armour
 h - a +0 helmet of intelligence (worn)
 o - a cursed +0 ring mail (worn)
Jewellery
 d - an uncursed ring of ice
Scrolls
 a - a scroll of magic mapping {unknown}
 e - 2 scrolls of identify
 f - a scroll of amnesia {unknown}
 j - a scroll of random uselessness {unknown}
 l - 2 scrolls of teleportation
Potions
 g - a potion of invisibility {unknown}
 i - 3 potions of flight
 n - a potion of heal wounds
Books
 b - a book of Necromancy

   Spells                             Type                      Level
   a - Pain                           Necromancy                   1
   b - Animate Skeleton               Necromancy                   1
   c - Vampiric Draining              Necromancy                   3
   d - Regeneration                   Charms/Necromancy            3
   e - Animate Dead                   Necromancy                   4
   f - Control Undead                 Necromancy                   4
Comestibles
 c - 3 bread rations
 m - 3 royal jellies
 r - a chunk of flesh
 t - a meat ration


   Skills:
 + Level 0.5 Armour
 + Level 4.7 Dodging
 - Level 3.0 Stealth
 + Level 5.0 Spellcasting
 + Level 5.9 Necromancy


You had 9 spell levels left.
You knew the following spells:

 Your Spells              Type           Power        Failure   Level  Hunger
a - Pain                  Necr           ####         3%          1    None
b - Animate Dead          Necr           N/A          32%         4    ####...


Dungeon Overview and Level Annotations

Branches:
Dungeon (4/15)
 Temple: D:4-7

Altars:
Gozag
Sif Muna
Uskayaw

Annotations:
D:3 Hanibal's ghost, amateur KoAr
D:4 Dadi's ghost, amateur DECj


Innate Abilities, Weirdness & Mutations

You are frail. (-10% HP)
Your system is resistant to poisons. (rPois)


Message History

The scroll dissolves into smoke.
It was a scroll of fog.
You are feeling hungry.
Eat one of 2 chunks of flesh? (ye/n/q)
You eat one of the 2 chunks of flesh.
This raw flesh tastes terrible.
k - 30 arrows (gained 16)
You swap places.
You swap places.
Hanibal's ghost says to your adder zombie, "Are you sure you're pointing that wand in the right direction?"
Hanibal's ghost is too close now for your liking.
You swap places.
Hanibal's ghost hits your rat zombie.
Your rat zombie misses Hanibal's ghost.
Something hits your rat zombie.
Your rat zombie explodes!
The fiery explosion engulfs your bat zombie.
Your bat zombie explodes!
The fiery explosion engulfs your adder zombie.
Your adder zombie explodes!
The fiery explosion engulfs you!
Ouch! That really hurt!
You die...

..####.#####.##.#
.............##.#
#######.####.##.#
.# #.##.# *.#
#.##.# *.# #.##§#
**#.####.W#§#####
........§§§.§..#
........§§§@§..#
........§§§....#
.........≈≈≈≈..#
.....≈≈≈≈≈.≈≈≈≈#
.≈≈≈≈≈≈≈≈≈≈≈.≈≈#
≈≈≈≈≈≈≈§≈≈≈≈≈≈.#
≈≈≈≈≈§§§≈≈≈≈...#
≈≈≈≈≈≈≈≈≈≈....#


There were no monsters in sight!

Vanquished Creatures
  A hound (D:4)
  An orc wizard (D:4)
  An iguana (D:4)
  6 adders
  2 oozes (D:1)
  A worm (D:2)
  4 dart slugs
  A leopard gecko (D:1)
  8 orcs
  A giant cockroach (D:1)
  7 goblins
  4 hobgoblins
  7 jackals (D:1)
  2 quokkas
  2 ball pythons
  8 bats
  2 frilled lizards (D:2)
  6 kobolds
  A quokka skeleton (D:4)
  5 rats
70 creatures vanquished.

Vanquished Creatures (others)
  A bat (D:3)
  7 toadstools (D:1)
8 creatures vanquished.

Grand Total: 78 creatures vanquished

Notes
Turn   | Place    | Note
-------+----------+-------------------------------------------
     0 | D:1      | Rrauwl the Deep Elf Necromancer began the quest for the Orb.
     0 | D:1      | Reached XP level 1. HP: 10/10 MP: 6/6
   118 | D:1      | Reached skill level 5 in Necromancy
   121 | D:1      | Reached XP level 2. HP: 5/15 MP: 1/8
   815 | D:1      | Reached XP level 3. HP: 19/19 MP: 7/9
  1416 | D:2      | Reached XP level 4. HP: 21/24 MP: 7/11
  1567 | D:2      | Found an opulent altar of Gozag.
  1568 | D:2      | Found a deep blue altar of Sif Muna.
  1569 | D:2      | Found a hide-covered altar of Uskayaw.
  1574 | D:2      | Became a worshipper of Sif Muna the Loreminder
  2004 | D:3      | You fall through a shaft!
  2010 | D:4      | Reached XP level 5. HP: 23/28 MP: 7/13
  2228 | D:4      | Upgraded the game from 0.20-a0-1026-gc3ddcbd to 0.20-a0-1033-g05abe66
  2785 | D:4      | Noticed Dadi's ghost (amateur DECj)
  2787 | D:4      | Gained mutation: You passively map a small area around you. [potion of mutation]
  2787 | D:4      | Gained mutation: You are weak. (Str -2) [potion of mutation]
  2787 | D:4      | Gained mutation: You are somewhat resistant to further mutation. [potion of mutation]
  2835 | D:3      | Noticed Hanibal's ghost (amateur KoAr)
  2851 | D:3      | Learned a level 4 spell: Animate Dead
  2926 | D:3      | Reached skill level 5 in Spellcasting
  2968 | D:3      | Lost mutation: You passively map a small area around you. [potion of mutation]
  2968 | D:3      | Lost mutation: You are weak. (Str -2) [potion of mutation]
  2968 | D:3      | Lost mutation: You are somewhat resistant to further mutation. [potion of mutation]
  2968 | D:3      | Gained mutation: You are frail. (-10% HP) [potion of mutation]
  2968 | D:3      | Gained mutation: Your system is resistant to poisons. (rPois) [potion of mutation]
  2997 | D:3      | Killed from afar by an adder zombie

Vault maps used:
D:1:      nagdon_arrival_double_spiral, hangedman_decor_lopped
D:2:      grunt_temple_overflow_open, first_bread
D:3:      kennysheep_nondescript, minmay_misc_feat_x, minmay_item_behind_shaft,
          eino_tiny_chamber, hangedman_abyss_or_decor_stabs, lemuel_old_faithful

Skill      XL: |  1  2  3  4  5 |
---------------+----------------+-----
Necromancy     | 5 |  5.9
Stealth        | 3 |  3.0
Dodging        | 3 4 |  4.7
Spellcasting   | 4 5 |  5.0
Armour         | |  0.5

Action                   |  1- 3 |  4- 6 || total
-------------------------+-------+-------++-------
Melee: Dagger            |       |    16 ||    16
       Unarmed           |       |     3 ||     3
 Cast: Pain              |    52 |    62 ||   114
       Animate Dead      |       |     1 ||     1
  Use: Scroll            |       |     4 ||     4
       Potion            |       |     3 ||     3
 Stab: Sleeping          |       |     2 ||     2
  Eat: Chunk             |     1 |     6 ||     7
Armor: Robe              |       |     1 ||     1
       Ring mail         |       |    15 ||    15
Dodge: Dodged            |     6 |    23 ||    29
